 Dungeon Crawl Stone Soup version 0.21.0-22-g11d5b52 (webtiles) character file.

117 Mgcat the Chopper (level 5, -9/45 HPs)
             Began as a Hill Orc Monk on Jan 18, 2018.
             Mangled by a gnoll
             ... wielding a +0 halberd
              (10 damage)
             ... on level 2 of the Dungeon.
             The game lasted 00:05:34 (2422 turns).

Mgcat the Chopper (Hill Orc Monk)                   Turns: 2422, Time: 00:05:34

Health: -9/45      AC:  3    Str: 14    XL:     5   Next: 1%
Magic:  5/5        EV: 12    Int: 11    God:
Gold:   81         SH:  0    Dex: 13    Spells: 4/4 levels left

rFire    . . .     SeeInvis .   n - +2 whip (drain)
rCold    + . .     Gourm    .   (no shield)
rNeg     . . .     Faith    .   j - +0 leather armour
rPois    .         Spirit   .   (no helmet)
rElec    .         Reflect  .   (no cloak)
rCorr    .         Harm     .   (no gloves)
MR       .....     Rnd*Tele +   (no boots)
Stlth    ++........             i - amulet of inaccuracy (curse)
HPRegen  0.15/turn              l - ring of teleportation (curse)
MPRegen  0.09/turn              p - ring of protection from cold

@: no status effects
A: no striking features
a: no special abilities


You were on level 2 of the Dungeon.
You were not hungry.

You visited 1 branch of the dungeon, and saw 2 of its levels.

You collected 81 gold pieces.

Inventory:

Hand Weapons
 a - a +0 hand axe
 n - a +2 whip of draining (weapon)
Armour
 b - a +0 robe
 j - a +0 leather armour (worn)
Jewellery
 i - a cursed amulet of inaccuracy (around neck)
 l - a cursed ring of teleportation (left hand)
 p - a ring of protection from cold (right hand)
Scrolls
 h - a scroll of enchant weapon
 m - a scroll of remove curse {unknown}
Potions
 d - a potion of mutation {unknown}
 e - 2 potions of flight
 f - a potion of degeneration {unknown}
 g - 3 potions of brilliance {unknown}
 k - a potion of invisibility {unknown}
Comestibles
 c - 2 rations
 o - 2 chunks of flesh


   Skills:
 - Level 3.6 Fighting
 + Level 7.3 Axes
 - Level 2.4 Dodging
 - Level 1.5 Stealth


You had 4 spell levels left.
You didn't know any spells.

Dungeon Overview and Level Annotations

Branches:
Dungeon (2/15)

Altars:
Gozag
Nemelex Xobeh


Message History

The gnoll is almost dead.
The gnoll hits you with a halberd.
You hit the gnoll. You drain the gnoll!
You kill the gnoll!
Your life force feels restored.
You have reached level 5!
You feel stronger.
The gnoll hits you from afar with a halberd!
The gnoll shouts!
The gnoll hits you with a halberd!
* * * LOW HITPOINT WARNING * * *
The gnoll hits you but does no damage.
You see here a halberd.
You barely miss the gnoll.
The gnoll hits you from afar with a spear.
* * * LOW HITPOINT WARNING * * *
The gnoll hits you with a halberd.
* * * LOW HITPOINT WARNING * * *
The gnoll hits you from afar with a halberd!
You die...

#.................##
#.................##
#..................#
##..............#...
##.....##......##..
#g.#####..>...####
#g## ######## #)#
##.##### #@#
#....(.##### #.#
###.###.......
#.###...# #.......
##.##..### #.......
#.)##.## #.......
#.###.# #.......
#(#...# #....###
#..[### #...## .
#..## ###.# 8.


You could see 2 gnolls.

Vanquished Creatures
  Jessica (D:2)
  An adder (D:2)
  2 gnolls (D:2)
  A worm (D:2)
  2 dart slugs
  5 giant cockroaches
  2 goblins (D:2)
  10 hobgoblins
  2 jackals (D:1)
  12 kobolds
  2 quokkas (D:2)
  7 bats
  2 frilled lizards (D:1)
  5 rats
54 creatures vanquished.

Notes
Turn   | Place    | Note
-------+----------+-------------------------------------------
     0 | D:1      | Mgcat the Hill Orc Monk began the quest for the Orb.
     0 | D:1      | Reached XP level 1. HP: 19/19 MP: 1/1
   351 | D:1      | Reached XP level 2. HP: 15/26 MP: 2/2
   564 | D:1      | Reached skill level 5 in Axes
   837 | D:1      | Reached XP level 3. HP: 31/31 MP: 3/3
  1399 | D:1      | Reached skill level 6 in Axes
  1974 | D:2      | Reached XP level 4. HP: 39/39 MP: 4/4
  2264 | D:2      | Found a sparkling altar of Nemelex Xobeh.
  2264 | D:2      | Noticed Jessica
  2272 | D:2      | Killed Jessica
  2272 | D:2      | Reached skill level 7 in Axes
  2343 | D:2      | Found an opulent altar of Gozag.
  2419 | D:2      | Reached XP level 5. HP: 32/45 MP: 5/5
  2421 | D:2      | HP: 1/45 [gnoll/halberd (3)]
  2422 | D:2      | Mangled by a gnoll

Skill      XL: |  1  2  3  4 |
---------------+-------------+-----
Axes           | 5 6 7 |  7.3
Fighting       | |  3.6
Dodging        | |  2.4
Stealth        | |  1.5

Action                   |  1- 3 |  4- 6 || total
-------------------------+-------+-------++-------
Melee: Hand axe          |   143 |       ||   143
       Whip              |    31 |    33 ||    64
  Use: Scroll            |     2 |     3 ||     5
 Stab: Sleeping          |     3 |     1 ||     4
  Eat: Chunk             |     4 |     1 ||     5
Armor: Robe              |    25 |       ||    25
       Leather armour    |    20 |     3 ||    23
Dodge: Dodged            |   143 |    20 ||   163
